 Dungeon Crawl Stone Soup version 0.30-a0-358-g0d69a1922f (webtiles) character file.

Game seed: 13690439813114716768

17 MacCMillion the Caller (level 2, 17/17 HPs)
             Began as an Octopode Summoner on Nov 11, 2022.
             Quit the game on level 1 of the Dungeon.
             The game lasted 00:02:28 (521 turns).

MacCMillion the Caller (Octopode Summoner)           Turns: 521, Time: 00:02:29

Health: 17/17      AC:  1    Str:  7    XL:     2   Next: 62%
Magic:  3/5        EV: 13    Int: 17    God:
Gold:   32         SH:  0    Dex: 12    Spells: 4/5 levels left

rFire   . . .      SeeInvis .    e - +0 dagger
rCold   . . .      Faith    .    (no shield)
rNeg    . . .      Spirit   .    (helmet restricted)
rPois   .          Reflect  .    (no amulet)
rElec   .          Harm     .    (no ring)
rCorr   .          Rampage  .    (no ring)
Will    .....                    (no ring)
Stlth   +++.......               (no ring)
HPRegen 0.22/turn                (no ring)
MPRegen 0.09/turn                (no ring)
                                 (no ring)
                                 (no ring)

@: no status effects
A: almost no armour, amphibious, 8 rings, camouflage 1, gelatinous body 1,
(nimble swimmer 1), tentacles
a: no special abilities


You were on level 1 of the Dungeon.
You visited 1 branch of the dungeon, and saw 1 of its levels.

You collected 32 gold pieces.

Inventory:

Hand Weapons
 d - a +0 club
 e - a +0 dagger (weapon)
Scrolls
 c - a scroll of fear {unknown}
 f - a scroll of butterflies {unknown}
Potions
 a - a potion of magic
 b - a potion of heal wounds {unknown}


   Skills:
 - Level 2.0 Dodging
 - Level 2.6 Stealth
 + Level 2.3 Spellcasting
 * Level 4.5 Summonings


You had 4 spell levels left.
You knew the following spells:

 Your Spells              Type           Power      Damage    Failure   Level
a - Summon Small Mammal   Summ           68%        N/A       3%          1

Your spell library contained the following spells:

 Spells                   Type           Power      Damage    Failure   Level
 Call Imp                 Summ           17%        N/A       4%          2
 Call Canine Familiar     Summ           17%        N/A       9%          3
 Summon Guardian Golem    Hex/Summ       9%         N/A       22%         3
 Summon Lightning Spire   Summ/Air       9%         N/A       58%         4


Dungeon Overview and Level Annotations

Branches:
Dungeon (1/15)

Altars:

Annotations:
D:1 exclusion: jackal


Innate Abilities, Weirdness & Mutations

You cannot wear most types of armour.
You are amphibious.
You can wear up to eight rings at the same time.
Your skin changes colour to match your surroundings (Stealth+).
Your rubbery body absorbs attacks. (AC +1, EV +1)
((You are camouflaged when in or above water. (Stealth+)))
You have tentacles for arms and can constrict up to eight enemies at once.


Message History

The stone closely misses your bat. The stone hits your bat.
Your bat hits the kobold but does no damage.
The kobold closely misses your bat.
Your bat barely misses the kobold.
The kobold barely misses your bat.
A kobold comes into view. It is wielding a +0 dagger.
Your bat barely misses the kobold.
Your bat closely misses the kobold.
The kobold closely misses your bat. The kobold barely misses your bat.
Your bat closely misses the kobold.
The kobold hits your bat with a +0 short sword.
Your bat dies!
Your bat's corpse disappears in a puff of smoke!
The kobold hits something with a +0 short sword.
Your bat hits the kobold but does no damage. x2
The kobold closely misses your bat.
You swap places.
Your bat barely misses the kobold.
Your bat closely misses the kobold.
Your rat bites the kobold.
The kobold hits your rat with a +0 dagger.
Your rat barely misses the kobold.
Your bat hits the kobold but does no damage.
The kobold hits your rat with a +0 dagger.
Your rat dies!
Your rat's corpse disappears in a puff of smoke!
The kobold closely misses your bat.
Your bat hits the kobold but does no damage.
Your bat hits the kobold but does no damage.
The kobold hits your quokka with a +0 dagger.
Your bat misses the kobold. The kobold closely misses your quokka.
Your quokka closely misses the kobold.
Your bat hits the kobold but does no damage.
The kobold completely misses your quokka.
Your quokka barely misses the kobold.
The kobold hits your quokka with a +0 dagger.
Your quokka closely misses the kobold.
Saving game... please wait.
Level annotation: exclusion: jackal Welcome back, MacCMillion the Octopode Summoner.
Press ? for a list of commands and other information.
Are you sure you want to abandon this character and quit the game? (Confirm with "yes".)

##### ...#
####.##########
#.............##. #
#................ +
##...@....rK...# #
...........Kb....# ###
#................# #..
####.............#####..
####>....†....†......
#....)...#....)#..
#........#.....#..
#..............###
................#


You could see 2 kobolds, a friendly quokka (summoned) and a friendly bat
(summoned).

Vanquished Creatures
  A ball python (D:1)
  2 bats (D:1)
3 creatures vanquished.

Vanquished Creatures (collateral kills)
  A dart slug (D:1)
  A ball python (D:1)
  2 goblins (D:1)
  A hobgoblin (D:1)
  2 kobolds (D:1)
  A quokka (D:1)
  A frilled lizard (D:1)
  3 rats (D:1)
12 creatures vanquished.

Grand Total: 15 creatures vanquished

Notes
Turn   | Place    | Note
-------+----------+-------------------------------------------
     0 | D:1      | MacCMillion the Octopode Summoner began the quest for the
                  | Orb.
     0 | D:1      | Reached XP level 1. HP: 11/11 MP: 3/3
   175 | D:1      | Reached XP level 2. HP: 16/17 MP: 1/5
   521 | D:1      | Quit the game

Illustrated notes

Levels and vault maps discovered:
D:1:      doesnt_arrival_eight_statues, layout_basic,
          dreamdust_ecumenical_altar_hidden_monk_grotto

Action                   || total
-------------------------++-------
Melee: Club              ||     6
       Constrict         ||     3
 Cast: Summon Small Mamm ||    26
Armor: Skin              ||     1
Dodge: Dodged            ||    12

Table legend: (Time is in decaauts)
 A = Elapsed time spent in this place.
 B = Non-inter-level travel time spent in this place.
 C = Inter-level travel time spent in this place.
 D = Time resting spent in this place.
 E = Time spent auto-exploring this place.
 F = Levels seen in this place.
 G = Mean time per level.
                   A        B        C        D        E       F      G
               +--------+--------+--------+--------+--------+-----+--------+
         Total |    521 |    521 |      0 |     39 |    242 |   1 |  521.0 |
       Dungeon |    521 |    521 |      0 |     39 |    242 |   1 |  521.0 |
               +--------+--------+--------+--------+--------+-----+--------+

Top non-repeatable levels by time:
     D:1: 521 daAuts
